[Event "Early-Titled-Tuesday-Blitz-February-13-2024"]
[Site "Chess.com"]
[Date "2024.02.13"]
[Round "4"]
[White "jefferyx"]
[Black "BlueWizzard"]
[Result "1-0"]
[WhiteElo "3018"]
[BlackElo "2870"]
[TimeControl "180+1"]
[EndTime "8:41:04 PST"]
[Termination "jefferyx won by resignation"]

1. e4 e5 2. Nf3 Nc6 3. Nc3 Bb4 4. Nd5 Nf6 5. Nxb4 Nxb4 6. d4 O-O 7. dxe5 Nxe4 8. c3 Nc6 9. Qd5 Nxf2 10. Kxf2 d6 11. exd6 Be6 12. Qd1 cxd6 13. Be3 Bg4 14. h3 Bh5 15.
Qd5 Bxf3 16. Qxf3 Ne5 17. Qg3 Qf6+ 18. Kg1 Qf5 19. Bd4 Qc2 20. Qf2 Qg6 21. Kh2 b6 22.
Re1 Rae8 23. Bb5 Re6 24. Rhf1 Qh5 25. Be2 Qg5 26. Qf4 Qg6 27. Bg4 Rf6 28. Bf5 Qh5 29. g4 Qh4 30. Bf2 Qh6 31. Qxh6 Rxh6 32. Be3 g5 1-0

[Event "Early-Titled-Tuesday-Blitz-February-13-2024"]
[Site "Chess.com"]
[Date "2024.02.13"]
[Round "4"]
[White "vi_pranav"]
[Black "ChristianArca"]
[Result "1-0"]
[WhiteElo "3045"]
[BlackElo "2732"]
[TimeControl "180+1"]
[EndTime "8:41:05 PST"]
[Termination "vi_pranav won by resignation"]

1. e4 c6 2. d4 d5 3. e5 Bf5 4.
Nf3 e6 5. Be2 Nd7 6. O-O Ne7 7.
c3 c5 8. dxc5 Nc6 9. b4 Ndxe5 10. Nd4 Bg6 11. f4 Nd7 12. Bb5 Nxd4 13. Qxd4 Qc7 14.
Be3 O-O-O 15. Nd2 Be7 16. Nf3 f6 17. a4 Nb8 18. Qd1 e5 19. fxe5 fxe5 20. Qe1 a6 21.
Be2 Bf6 22. b5 d4 23. Bd2 d3 24. Bd1 axb5 25. axb5 e4 26. Nd4 Rxd4 27. cxd4 Bxd4+ 28. Kh1 Bxa1 29. Bg4+ Nd7 30. Qxa1 Re8 31. Bf4 Qxf4 32.
Rxf4 e3 33. c6 1-0

[Event "Early-Titled-Tuesday-Blitz-February-13-2024"]
[Site "Chess.com"]
[Date "2024.02.13"]
[Round "4"]
[White "LileKoridze"]
[Black "aghasiyevkamal"]
[Result "0-1"]
[WhiteElo "2421"]
[BlackElo "2622"]
[TimeControl "180+1"]
[EndTime "8:41:05 PST"]
[Termination "aghasiyevkamal won by resignation"]

1. d4 Nf6 2. c4 g6 3. Nc3 d5 4.
cxd5 Nxd5 5. Bd2 Nb6 6. e3 Bg7 7.
Nf3 O-O 8. Be2 N8d7 9. O-O c5 10. dxc5 Nxc5 11. Rc1 Bf5 12. b4 Nd3 13. Rb1 Rc8 14. Nb5 Nb2 15. Rxb2 Bxb2 16. Qb3 Bg7 17. Nxa7 Rc2 18.
Rd1 Qa8 19. Nb5 Qxa2 20. Qxa2 Rxa2 21. Bf1 Rd8 22. Nfd4 e5 23. Nxf5 gxf5 24. Rc1 Rdxd2 0-1

[Event "Early-Titled-Tuesday-Blitz-February-13-2024"]
[Site "Chess.com"]
[Date "2024.02.13"]
[Round "4"]
[White "gxbg2000"]
[Black "jero888"]
[Result "0-1"]
[WhiteElo "2071"]
[BlackElo "2280"]
[TimeControl "180+1"]
[EndTime "8:41:06 PST"]
[Termination "jero888 won by resignation"]

1. e4 c5 2. Nf3 d6 3. d4 cxd4 4.
Nxd4 Nf6 5. Nc3 Nc6 6. Be3 Ng4 7. Qf3 Nxe3 8. Qxe3 g6 9. Bd3 Bg7 10. Nce2 O-O 11.
c3 a5 12. O-O a4 13. a3 Ra5 14. Rad1 Qb6 15. Rd2 Ne5 16. h3 Nxd3 17. Qxd3 Bd7 18. Qe3 Rc8 19. Rfd1 Bc6 20. Nxc6 Rxc6 21. Qxb6 Rxb6 22.
Nd4 h5 23. Kf1 Bxd4 24. cxd4 Rab5 25. Rb1 Rb3 26. Ke2 Rc6 27. Kd1 f5 28. exf5 gxf5 29. Rc1 Kf7 30. Rxc6 bxc6 31. Kc2 Kf8 32. Re2 Kf7 33.
Re3 Rxe3 34. fxe3 e5 35. Kc3 Ke6 36. Kb4 exd4 37. e4 fxe4 38. Kxa4 e3 39. Kb3 e2 40.
Kc2 e1=Q 0-1

[Event "Early-Titled-Tuesday-Blitz-February-13-2024"]
[Site "Chess.com"]
[Date "2024.02.13"]
[Round "4"]
[White "Ykow"]
[Black "HanSchut"]
[Result "1-0"]
[WhiteElo "2509"]
[BlackElo "2261"]
[TimeControl "180+1"]
[EndTime "8:41:08 PST"]
[Termination "Ykow won on time"]

1. d4 Nf6 2. c4 g6 3. Nc3 d5 4. g3 Bg7 5. Bg2 dxc4 6. e4 O-O 7. Nge2 c6 8. O-O b5 9. a4 b4 10. Nb1 Nbd7 11. Qc2 Ba6 12. Rd1 e5 13. dxe5 Ng4 14.
Nd4 Ngxe5 15. Be3 c5 16. Nb5 Bxb5 17. axb5 Qb6 18. f4 Ng4 19. Bc1 Bd4+ 20. Kf1 Nxh2+ 21. Ke2 Qxb5 22. Ke1 Ng4 23. Qe2 h5 24. Nd2 Bf2+ 25. Kf1 Bxg3 26. Nxc4 Qxc4 27. Qxc4 Nb6 28. Qe2 Rad8 29.
Rxd8 Rxd8 30. Be3 Nc4 31. Bc1 1-0

[Event "Early-Titled-Tuesday-Blitz-February-13-2024"]
[Site "Chess.com"]
[Date "2024.02.13"]
[Round "4"]
[White "mr_gustavo"]
[Black "Kaua18"]
[Result "1-0"]
[WhiteElo "2744"]
[BlackElo "2543"]
[TimeControl "180+1"]
[EndTime "8:41:10 PST"]
[Termination "mr_gustavo won on time"]

1. d4 Nf6 2. Nf3 e6 3. Bg5 c5 4. e3 Nc6 5. c3 d5 6. Nbd2 cxd4 7. exd4 Be7 8. Bd3 O-O 9. O-O Nh5 10. Be3 g6 11. Ne5 Ng7 12. Ndf3 f5 13. Bh6 Bf6 14. Re1 Re8 15. Qe2 Nh5 16. Rad1 g5 17. g3 g4 18. Nxc6 bxc6 19. Ne5 Qc7 20. h3 Bxe5 21. dxe5 Qb6 22. hxg4 Nxg3 23. Qf3 Qxb2 24. Qxg3 Kh8 25. Kh1 Rg8 26.
Qh4 Rg6 27. Qd8+ 1-0

[Event "Early-Titled-Tuesday-Blitz-February-13-2024"]
[Site "Chess.com"]
[Date "2024.02.13"]
[Round "4"]
[White "Ducke13"]
[Black "lluiss"]
[Result "1-0"]
[WhiteElo "2316"]
[BlackElo "2141"]
[TimeControl "180+1"]
[EndTime "8:41:10 PST"]
[Termination "Ducke13 won by resignation"]

1. d4 d5 2. Nf3 c6 3. g3 Bf5 4. c4 e6 5. Nc3 h6 6. Qb3 Qb6 7. c5 Qxb3 8. axb3 Nd7 9. b4 Ngf6 10. b5 Ne4 11. bxc6 bxc6 12. Ra6 Nb8 13. Ra4 Nxc3 14. bxc3 Be4 15. Bg2 Be7 16. O-O a6 17. Bf4 g5 18.
Be5 O-O 19. Rfa1 Rc8 20. Nd2 Bxg2 21. Kxg2 Nd7 22. Bd6 Kf8 23. Bxe7+ Kxe7 24. Rxa6 Rxa6 25. Rxa6 Rc7 26. Nb3 Nb8 27. Rb6 Nd7 28. Na5 Ra7 29.
Nxc6+ 1-0

[Event "Early-Titled-Tuesday-Blitz-February-13-2024"]
[Site "Chess.com"]
[Date "2024.02.13"]
[Round "4"]
[White "GMBenjaminBok"]
[Black "Alen_Yeremyann"]
[Result "1-0"]
[WhiteElo "2968"]
[BlackElo "2802"]
[TimeControl "180+1"]
[EndTime "8:41:11 PST"]
[Termination "GMBenjaminBok won by resignation"]

1. d4 Nf6 2. c4 g6 3. g3 Bg7 4. Bg2 O-O 5. Nc3 d6 6. Nf3 c6 7. e4 Qa5 8. O-O Qh5 9. e5 dxe5 10. Nxe5 Ng4 11. Nf3 Rd8 12. h3 Nf6 13. g4 Bxg4 14. hxg4 Nxg4 15. Bf4 e5 16. Nxe5 Bxe5 17. Bxe5 Nd7 18.
Bg3 Ndf6 19. d5 cxd5 20. cxd5 Rac8 21. Qf3 Qg5 22. Rfe1 h5 23. d6 Rc4 24. Ne4 h4 25. Nxg5 hxg3 26. fxg3 Rxd6 27. Qxb7 Rd7 28. Qf3 Rc2 29.
Rad1 Rdc7 30. Re2 Rc1 31. Rxc1 Rxc1+ 32. Bf1 Rc5 33. Ne4 Rf5 34. Nxf6+ Nxf6 35. Qxf5 gxf5 36.
Re7 1-0

[Event "Early-Titled-Tuesday-Blitz-February-13-2024"]
[Site "Chess.com"]
[Date "2024.02.13"]
[Round "4"]
[White "OrtizAnahi2001"]
[Black "RamonManon0g"]
[Result "1-0"]
[WhiteElo "2592"]
[BlackElo "2403"]
[TimeControl "180+1"]
[EndTime "8:41:12 PST"]
[Termination "OrtizAnahi2001 won by resignation"]

1. d4 Nf6 2. c4 g6 3. Nc3 d5 4. cxd5 Nxd5 5. e4 Nxc3 6. bxc3 c5 7. Nf3 Bg7 8. Be2 Bg4 9. Be3 O-O 10. O-O Nc6 11. d5 Bxf3 12. Bxf3 Ne5 13. Bxc5 Rc8 14. Bd4 Nxf3+ 15. Qxf3 Bxd4 16. cxd4 Rc4 17. Rfd1 Qb6 18. Rab1 Qa6 19. Qb3 b6 20. e5 Rfc8 21. e6 fxe6 22.
dxe6 Rc3 23. Qd5 Qc4 24. Qd7 Rc7 25. Qd8+ Kg7 26. d5 Qf4 27. d6 Rc2 28. Kh1 Qf3 29. gxf3 1-0

[Event "Early-Titled-Tuesday-Blitz-February-13-2024"]
[Site "Chess.com"]
[Date "2024.02.13"]
[Round "4"]
[White "rachidhuilda"]
[Black "Der_Balak_3Halak"]
[Result "0-1"]
[WhiteElo "2310"]
[BlackElo "2447"]
[TimeControl "180+1"]
[EndTime "8:41:12 PST"]
[Termination "Der_Balak_3Halak won by resignation"]

1. d4 g6 2. e4 Bg7 3. Nc3 c5 4. d5 d6 5. Bb5+ Nd7 6. a4 Nf6 7. Nf3 O-O 8. O-O a6 9. Be2 Rb8 10. Re1 Qc7 11. h3 e6 12. dxe6 fxe6 13. Ng5 Ne5 14. f4 Nf7 15. Nxf7 Rxf7 16. Bc4 Bd7 17. f5 Re8 18. Qf3 exf5 19. exf5 Rxe1+ 20. Kh2 Bc6 21.
Qf2 Re5 22. fxg6 hxg6 23. Bxf7+ Qxf7 24. Qh4 Rh5 25. Qg3 Qe6 26. Bf4 Ng4+ 27. Kh1 Rxh3+ 28. Qxh3 Nf2+ 0-1

[Event "Early-Titled-Tuesday-Blitz-February-13-2024"]
[Site "Chess.com"]
[Date "2024.02.13"]
[Round "4"]
[White "Andrey_Klymchuk"]
[Black "Macron20hTF1"]
[Result "1-0"]
[WhiteElo "2756"]
[BlackElo "2547"]
[TimeControl "180+1"]
[EndTime "8:41:13 PST"]
[Termination "Andrey_Klymchuk won by resignation"]

1. e4 c6 2. d4 d5 3. e5 c5 4. c3 Nc6 5. Be2 cxd4 6. cxd4 Bf5 7. Nf3 e6 8. O-O Nge7 9. a3 h6 10. b4 Rc8 11. Nbd2 Ng6 12. Nb3 Nh4 13. Nxh4 Qxh4 14. Be3 Be7 15. Qd2 O-O 16. Rfc1 f6 17. b5 Nxe5 18. dxe5 fxe5 19. f3 Qa4 20. Nc5 Bxc5 21. Bxc5 Rf7 22. Bd6 Rxc1+ 23. Rxc1 e4 24. f4 Rd7 25.
Be5 Qxa3 26. Bd4 Kh7 27. Qc3 Qd6 28. g3 a6 29. b6 g5 30. Qc5 gxf4 31. Qxd6 Rxd6 32.
gxf4 e5 33. Rc7+ Kg6 34. fxe5 Re6 35. Rxb7 1-0

[Event "Early-Titled-Tuesday-Blitz-February-13-2024"]
[Site "Chess.com"]
[Date "2024.02.13"]
[Round "4"]
[White "Juicy_Fork"]
[Black "Brave_spirit12"]
[Result "0-1"]
[WhiteElo "2443"]
[BlackElo "2747"]
[TimeControl "180+1"]
[EndTime "8:41:15 PST"]
[Termination "Brave_spirit12 won by checkmate"]

1. e4 e6 2. d4 d5 3. Nc3 Nf6 4. Bg5 dxe4 5. Nxe4 Be7 6. Bxf6 gxf6 7. c3 f5 8. Ng3 c5 9. Nf3 h5 10. Ne5 h4 11. Ne2 cxd4 12. Qxd4 Qxd4 13. Nxd4 Bf6 14. f4 Nd7 15. Nxd7 Bxd7 16. O-O-O Ke7 17. Bc4 Rag8 18. Rhe1 Bxd4 19. Rxd4 Rxg2 20. h3 Rg3 21. Rd5 Rxh3 22. Rxf5 Rg3 23. Rfe5 h3 24. f5 h2 25. fxe6 fxe6 26. Bxe6 Bxe6 27. Rxe6+ Kd7 28. Re7+ Kd8 29. Rxb7 h1=Q 30. Rxh1 Rxh1+ 31. Kc2 Rh2+ 32. Kb3 Rg6 33. Rxa7 Rb6+ 34. Kc4 Rbxb2 35. a4 Rh4+ 36. Kc5 Rg2 37. c4 Rg5+ 38. Kb4 Rgg4 39. a5 Rxc4+ 40. Kb5 Rcg4 41. Rb7 Rg5+ 42. Ka6 Rh6+ 43. Ka7 Rxa5+ 44. Kb8 Raa6 45. Rg7 Rhb6+ 46. Rb7 Rxb7+ 47. Kxb7 Rd6 48. Ka7 Kc8 49. Ka8 Ra6# 0-1

[Event "Early-Titled-Tuesday-Blitz-February-13-2024"]
[Site "Chess.com"]
[Date "2024.02.13"]
[Round "4"]
[White "MAGMAchess02"]
[Black "ejam94"]
[Result "0-1"]
[WhiteElo "2284"]
[BlackElo "2511"]
[TimeControl "180+1"]
[EndTime "8:41:15 PST"]
[Termination "ejam94 won by resignation"]

1. e4 c5 2. Nc3 Nc6 3. Bb5 Nd4 4. Nf3 e6 5. O-O a6 6. Bd3 b5 7. Nxd4 cxd4 8. Ne2 Qb6 9. c3 Bc5 10. cxd4 Bxd4 11.
Nxd4 Qxd4 12. Bc2 d5 13. d3 Bb7 14. Qe2 Nf6 15. Bg5 Qxb2 16. e5 Nd7 17. f4 Rc8 18. Rac1 O-O 19. Qd1 h6 20. Bh4 Qd4+ 21. Bf2 Qxf4 22.
Bc5 Qxe5 23. Bxf8 Qd4+ 24. Kh1 Nxf8 25. Bb3 Rxc1 26. Qxc1 Qxd3 27. Rf3 Qe4 28. h3 d4 29. Qc7 Qe1+ 30. Kh2 Bxf3 31. gxf3 d3 0-1

[Event "Early-Titled-Tuesday-Blitz-February-13-2024"]
[Site "Chess.com"]
[Date "2024.02.13"]
[Round "4"]
[White "WilsonPalencia21"]
[Black "starworld123"]
[Result "0-1"]
[WhiteElo "2592"]
[BlackElo "2832"]
[TimeControl "180+1"]
[EndTime "8:41:18 PST"]
[Termination "starworld123 won on time"]

1. d4 e6 2. Nf3 d5 3. c4 Nf6 4. Nc3 a6 5. cxd5 exd5 6. Bg5 Be6 7. e3 Nbd7 8. Qc2 Bd6 9. Bf4 Qe7 10. Be2 O-O 11. O-O Rfe8 12. Bxd6 Qxd6 13. Na4 Ne4 14.
Nd2 Nxd2 15. Qxd2 Bf5 16. Rfc1 c6 17. Bd3 Bxd3 18. Qxd3 g6 19. Nc5 Nxc5 20. Rxc5 f5 21. g3 h5 22. h4 Re4 23. Qb3 Qe7 24. a4 Rf8 25. Re1 Rxd4 26. exd4 Qxe1+ 27. Kg2 f4 28. gxf4 Rxf4 0-1

[Event "Early-Titled-Tuesday-Blitz-February-13-2024"]
[Site "Chess.com"]
[Date "2024.02.13"]
[Round "4"]
[White "HansOnTwitch"]
[Black "Zurability"]
[Result "1-0"]
[WhiteElo "3165"]
[BlackElo "2744"]
[TimeControl "180+1"]
[EndTime "8:41:19 PST"]
[Termination "HansOnTwitch won by resignation"]

1. e4 c5 2. Nf3 d6 3. Bb5+ Bd7 4. c4 e5 5. Nc3 g6 6. d3 Bg7 7. Bg5 f6 8. Be3 Ne7 9. h4 h5 10. a3 O-O 11. b4 b6 12. Bxd7 Qxd7 13. O-O Nbc6 14.
Qa4 Rad8 15. Rab1 Nd4 16. Bxd4 exd4 17. Qxd7 Rxd7 18. Nd5 Nxd5 19. exd5 Re8 20. Rfe1 Rde7 21. Rxe7 Rxe7 22. Kf1 Bh6 23. a4 Kf7 24. a5 g5 25.
hxg5 fxg5 26. Nd2 g4 27. Ne4 Bf4 28. g3 Be5 29. bxc5 bxc5 30. a6 Rd7 31. Rb8 Kg6 32. Kg2 Rh7 33. Rb7 Rf7 34. Nd2 Kg7 35. Nb3 1-0

[Event "Early-Titled-Tuesday-Blitz-February-13-2024"]
[Site "Chess.com"]
[Date "2024.02.13"]
[Round "4"]
[White "bilosuvenosu06"]
[Black "PushingpawnsNYC"]
[Result "1-0"]
[WhiteElo "2532"]
[BlackElo "2335"]
[TimeControl "180+1"]
[EndTime "8:41:19 PST"]
[Termination "bilosuvenosu06 won on time"]

1. d4 d5 2. c4 e6 3. Nc3 Nf6 4.
Bg5 Be7 5. Nf3 O-O 6. e3 b6 7. cxd5 Nxd5 8. Bxe7 Nxe7 9. Bd3 Bb7 10.
O-O Nd7 11. Rc1 a6 12. Bb1 Nd5 13. Nxd5 Bxd5 14. Qc2 g6 15. Qxc7 Bxf3 16. Qxd8 Rfxd8 17. gxf3 Rac8 18. Bd3 b5 19. Rfd1 Nb6 20. Kf1 Na4 21. b3 Nb2 22. Rxc8 Rxc8 23. Rd2 Nxd3 24. Rxd3 Rc2 25.
a3 Ra2 26. b4 Rc2 27. e4 Kf8 28. f4 Ke7 29. Kg2 f5 30. e5 Kd7 31. d5 exd5 32.
Rxd5+ Ke7 33. Rd6 Rc4 34. Rxa6 Rxf4 35. Rb6 Rg4+ 36. Kf1 Rh4 37. Kg2 Rg4+ 38. Kh1 Rf4 39. Rxb5 Rxf2 40. Rb7+ Ke6 41. Rxh7 Kxe5 42. Rg7 f4 43.
Rxg6 Ke4 44. Re6+ Kf3 45. Re1 Ra2 46. Rb1 Kf2 47. b5 f3 48. b6 Ke2 49. b7 1-0

[Event "Early-Titled-Tuesday-Blitz-February-13-2024"]
[Site "Chess.com"]
[Date "2024.02.13"]
[Round "4"]
[White "Sanyura"]
[Black "MIss_MIaMI"]
[Result "1-0"]
[WhiteElo "2654"]
[BlackElo "2424"]
[TimeControl "180+1"]
[EndTime "8:41:20 PST"]
[Termination "Sanyura won by checkmate"]

1. e4 c5 2. Nc3 e6 3. Nf3 a6 4.
d4 cxd4 5. Nxd4 Qc7 6. Be3 Bb4 7.
Qd2 Nf6 8. Bd3 d5 9. e5 Qxe5 10.
O-O Bxc3 11. bxc3 Ne4 12. Qe1 Nc5 13. f4 Qd6 14. Nf5 Qc7 15. Nxg7+ Kf8 16. f5 Nxd3 17.
cxd3 Kxg7 18. Bd4+ f6 19. fxe6 Re8 20. Rxf6 Kg8 21.
Qe3 Bxe6 22. Qg5+ Qg7 23. Rf8+ Kxf8 24. Qxg7# 1-0

[Event "Early-Titled-Tuesday-Blitz-February-13-2024"]
[Site "Chess.com"]
[Date "2024.02.13"]
[Round "4"]
[White "JaackCamel"]
[Black "allvim"]
[Result "0-1"]
[WhiteElo "2204"]
[BlackElo "2459"]
[TimeControl "180+1"]
[EndTime "8:41:20 PST"]
[Termination "allvim won by resignation"]

1. d4 Nf6 2. c4 e6 3. Nc3 Bb4 4.
e3 O-O 5. Bd3 c5 6. Ne2 d5 7.
O-O Nc6 8. a3 Bxc3 9. bxc3 b6 10. cxd5 exd5 11. a4 Bg4 12. Qc2 Rc8 13. Qd2 Re8 14.
Ba3 Bxe2 15. Bxe2 Ne4 16. Qb2 cxd4 17. cxd4 Na5 18. Bb5 Re6 19. Rac1 Nc4 20. Bxc4 dxc4 21. Qb5 Rg6 22. Qf5 Nd2 23. Rfd1 c3 24. h3 Rgc6 25. Bb4 a5 26. Bxc3 Nb3 27. d5 Nxc1 28. Qxc8 Rxc8 0-1

[Event "Early-Titled-Tuesday-Blitz-February-13-2024"]
[Site "Chess.com"]
[Date "2024.02.13"]
[Round "4"]
[White "BeardedNM"]
[Black "PositionalPanther"]
[Result "0-1"]
[WhiteElo "2205"]
[BlackElo "2420"]
[TimeControl "180+1"]
[EndTime "8:41:21 PST"]
[Termination "PositionalPanther won by resignation"]

1. e4 e6 2. d4 d5 3. e5 c5 4. c3 Nc6 5. Nf3 Bd7 6. Be2 Nge7 7.
O-O cxd4 8. cxd4 Nf5 9. Nc3 Rc8 10. Be3 Nxe3 11. fxe3 Na5 12. Rc1 Be7 13. Bd3 Qb6 14. b3 Ba3 15. Rc2 Qd8 16. Qe1 a6 17. Qg3 Nc6 18.
Qxg7 Rf8 19. Ng5 Qe7 20. Nxh7 Nb4 21. Nxf8 Qxf8 22. Qxf8+ Kxf8 23. Bg6 Nxc2 24. Rxf7+ Kg8 25. Rxd7 Rxc3 26. Bf7+ Kf8 27. Bxe6 Rxe3 28. Bxd5 Nxd4 29. Bxb7 Bc5 30. h4 Rxe5 31. Rd5 Nc6+ 32. Rxc5 Rxc5 0-1

[Event "Early-Titled-Tuesday-Blitz-February-13-2024"]
[Site "Chess.com"]
[Date "2024.02.13"]
[Round "4"]
[White "DAVIDHDZSTS"]
[Black "baki83"]
[Result "0-1"]
[WhiteElo "1910"]
[BlackElo "2846"]
[TimeControl "180+1"]
[EndTime "8:41:24 PST"]
[Termination "baki83 won by resignation"]

1. d4 d5 2. Nc3 Bf5 3. f3 Bg6 4. e4 dxe4 5. fxe4 e5 6. Nf3 exd4 7. Qxd4 Qxd4 8. Nxd4 c6 9. Bf4 Nd7 10. O-O-O Bb4 11.
Nf5 Bxf5 12. exf5 Ngf6 13. Re1+ Kd8 14. Bc4 Bxc3 15. bxc3 Nd5 16. Bxd5 cxd5 17. Bd6 Rc8 18. Be7+ Kc7 19. f6 gxf6 20. Rhf1 Rce8 21. Kd2 Rhg8 22.
g3 a6 23. Bxf6 Rxe1 24. Kxe1 Kd6 25. Bd4 Ke6 26. Kd2 f6 27. Rb1 b6 28. Bxb6 Rb8 29.
Re1+ Ne5 30. Bc7 Rb2 31. a3 Ra2 32. g4 h6 33. h4 Rxa3 34. g5 hxg5 35. hxg5 Kf7 36.
Bxe5 fxe5 37. Rxe5 Ra5 38. c4 Rc5 39. cxd5 a5 40.
Kd3 a4 41. Re6 Rxd5+ 42. Ke4 Kxe6 43. c4 Rxg5 0-1

[Event "Early-Titled-Tuesday-Blitz-February-13-2024"]
[Site "Chess.com"]
[Date "2024.02.13"]
[Round "4"]
[White "egnfanclub"]
[Black "IwkooO"]
[Result "0-1"]
[WhiteElo "2357"]
[BlackElo "2646"]
[TimeControl "180+1"]
[EndTime "8:41:27 PST"]
[Termination "IwkooO won on time"]

1. e4 c5 2. Nc3 e6 3. f4 d5 4. Nf3 dxe4 5. Bb5+ Bd7 6. Bxd7+ Nxd7 7.
Nxe4 Ngf6 8. d3 Be7 9. O-O O-O 10.
c4 Nb8 11. Qe2 Nc6 12. Be3 b6 13. Rad1 Ng4 14. Bd2 Nf6 15. Bc3 Qc7 16. Qf2 Nxe4 17. dxe4 Qxf4 18. Qe2 Qc7 19. b3 Rad8 20. Qb2 f6 21. e5 f5 22. Rd6 Bxd6 23. exd6 Rxd6 24. Re1 Rfd8 25. Ng5 Qe7 26. h4 h6 27. Nf3 Rd1 28. Qe2 Rxe1+ 29. Qxe1 Qd6 30. Qa1 Rd7 31. Qb2 Nd4 32. Qf2 Nxf3+ 33. gxf3 Qf4 0-1

[Event "Early-Titled-Tuesday-Blitz-February-13-2024"]
[Site "Chess.com"]
[Date "2024.02.13"]
[Round "4"]
[White "Binary010"]
[Black "Abund"]
[Result "1-0"]
[WhiteElo "2904"]
[BlackElo "2758"]
[TimeControl "180+1"]
[EndTime "8:41:31 PST"]
[Termination "Binary010 won by resignation"]

1. e4 c6 2. d4 d5 3. e5 c5 4.
Nf3 cxd4 5. Qxd4 Nc6 6. Qf4 e6 7. Bd3 Nb4 8. Nc3 Nxd3+ 9. cxd3 Ne7 10. Bd2 Ng6 11. Qg3 Be7 12. h4 h5 13. Ne2 Bd7 14.
Nf4 Nxf4 15. Bxf4 g6 16. O-O Qb6 17. Bg5 Bxg5 18. Qxg5 d4 19. b3 Bc6 20. Qf6 Rf8 21. Ng5 Qd8 22. Qf4 Qd5 23. Ne4 O-O-O 24. Rac1 Kb8 25. Rc5 Qd7 26. Nd6 f6 27. Nc4 g5 28.
Qh2 Ka8 29. exf6 gxh4 30. Ra5 Qc7 31. Qxc7 1-0

[Event "Early-Titled-Tuesday-Blitz-February-13-2024"]
[Site "Chess.com"]
[Date "2024.02.13"]
[Round "4"]
[White "Mikhail_Golubev"]
[Black "andrzej"]
[Result "0-1"]
[WhiteElo "2684"]
[BlackElo "2487"]
[TimeControl "180+1"]
[EndTime "8:41:31 PST"]
[Termination "andrzej won on time"]

1. e4 e5 2. Nf3 Nf6 3. Nc3 Bb4 4.
Nxe5 O-O 5. Nd3 Bxc3 6. dxc3 Nxe4 7. Be2 Re8 8. O-O d6 9. Nf4 Nd7 10. Be3 Ndf6 11. c4 b6 12. Bd4 Bb7 13. f3 Ng5 14. Qd2 Ne6 15. Nxe6 Rxe6 16. Rad1 Nd7 17. b3 h6 18. f4 f5 19. Bb2 Nc5 20. Bd3 Qf8 21. b4 Ne4 22. Bxe4 Rxe4 23. Qc3 Rae8 24. Rd2 Ba6 25.
b5 Bb7 26. Rd4 Re2 27. Rf2 R8e3 0-1

[Event "Early-Titled-Tuesday-Blitz-February-13-2024"]
[Site "Chess.com"]
[Date "2024.02.13"]
[Round "4"]
[White "temus_galaktionov"]
[Black "Zavgorodniy_Sergiy"]
[Result "0-1"]
[WhiteElo "2888"]
[BlackElo "2622"]
[TimeControl "180+1"]
[EndTime "8:41:32 PST"]
[Termination "Zavgorodniy_Sergiy won by resignation"]

1. d4 d5 2. Nf3 Nf6 3. c4 dxc4 4. e3 e6 5. Bxc4 a6 6. O-O b5 7. Bd3 Bb7 8. Qe2 Nbd7 9. Rd1 c5 10.
dxc5 Bxc5 11. a3 O-O 12. b4 Be7 13. Bb2 Rc8 14. Nbd2 Qc7 15. e4 Qf4 16. e5 Nd5 17. Ne4 Qg4 18. h3 Qh5 19. Qd2 f5 20. exf6 N7xf6 21. Ng3 Qe8 22. Re1 Bd6 23. Ng5 Bf4 24. Qd1 Bxg5 25. Nf5 Qd7 26. Nd4 Nc3 27. Bxc3 Rxc3 28. Nxe6 Rxd3 29. Nxf8 Rxd1 30. Nxd7 Rxd7 31. Re6 Kf7 32. Re2 Rd2 33. Re5 Bf4 34. Rc5 Bd6 35.
Rc3 Ke6 36. Re1+ Kd7 37. f3 Nd5 38. Rb3 Nf4 0-1

[Event "Early-Titled-Tuesday-Blitz-February-13-2024"]
[Site "Chess.com"]
[Date "2024.02.13"]
[Round "4"]
[White "MVM2008"]
[Black "ChessSkool"]
[Result "0-1"]
[WhiteElo "2467"]
[BlackElo "2693"]
[TimeControl "180+1"]
[EndTime "8:41:34 PST"]
[Termination "ChessSkool won by resignation"]

1. e4 c6 2. a4 d5 3. c4 dxe4 4.
Nc3 Nf6 5. f3 Bf5 6. a5 Na6 7.
fxe4 Nxe4 8. Nf3 Nb4 9. Qb3 e6 10. d4 Nxc3 11. bxc3 Nc2+ 12. Kf2 Nxa1 13. Qxb7 Rc8 14.
c5 Be7 15. Bf4 O-O 16. Ba6 Nc2 17. Rc1 h6 18. Ne5 Qxa5 19. g4 Be4 20. Bd2 Rc7 0-1

[Event "Early-Titled-Tuesday-Blitz-February-13-2024"]
[Site "Chess.com"]
[Date "2024.02.13"]
[Round "4"]
[White "Stewie_89"]
[Black "fabianvivasz"]
[Result "1-0"]
[WhiteElo "2580"]
[BlackElo "2393"]
[TimeControl "180+1"]
[EndTime "8:41:34 PST"]
[Termination "Stewie_89 won by resignation"]

1. e4 e5 2. Nf3 Nc6 3. Bb5 Nf6 4. O-O Nxe4 5. d4 Nd6 6. dxe5 Nxb5 7. a4 Nbd4 8. Nxd4 d5 9. exd6 Nxd4 10. Qxd4 Qxd6 11.
Qe3+ Be6 12. Nc3 Qb6 13. Qg3 Bd6 14. Qxg7 O-O-O 15. Be3 Bc5 16. a5 Qc6 17. Qh6 Rhg8 18. f3 Rd2 19. Rf2 Rxf2 20. Kxf2 Rg6 21. Qf4 Bd6 22. Qh4 Bc5 23. Re1 Qd6 24. Ne4 Bxe3+ 25. Rxe3 Qd4 26. c3 Qc5 27. Nxc5 1-0

[Event "Early-Titled-Tuesday-Blitz-February-13-2024"]
[Site "Chess.com"]
[Date "2024.02.13"]
[Round "4"]
[White "davigator"]
[Black "tandaleo"]
[Result "0-1"]
[WhiteElo "2337"]
[BlackElo "2537"]
[TimeControl "180+1"]
[EndTime "8:41:36 PST"]
[Termination "tandaleo won by resignation"]

1. e4 e5 2. Nf3 Nc6 3. Bc4 Bc5 4. c3 Nf6 5. d3 d6 6. Bg5 h6 7. Bh4 g5 8. Bg3 Bb6 9. Nbd2 Be6 10. a4 a5 11. Bb5 Qe7 12. Nc4 Bxc4 13. Bxc4 Nd8 14.
O-O Ne6 15. Re1 h5 16. h4 g4 17. Nh2 Nd7 18. Nf1 Rf8 19. Ne3 Bxe3 20. fxe3 Nb6 21.
Bb3 O-O-O 22. d4 f6 23. Qd3 c6 24. Rf1 Ng7 25. Rf2 f5 26. exf5 e4 27. Qe2 Nxf5 28.
Rxf5 Rxf5 29. Bf4 Rdf8 30. g3 Kd7 31. c4 c5 32. d5 Re8 33. Bc2 Qh7 34. Rc1 Rff8 35.
Qg2 Kc7 36. Bb1 Nd7 37. Qc2 Ne5 38. Qxe4 Nf3+ 0-1

[Event "Early-Titled-Tuesday-Blitz-February-13-2024"]
[Site "Chess.com"]
[Date "2024.02.13"]
[Round "4"]
[White "evgchess5"]
[Black "RandomNoob04"]
[Result "1-0"]
[WhiteElo "2959"]
[BlackElo "2615"]
[TimeControl "180+1"]
[EndTime "8:41:39 PST"]
[Termination "evgchess5 won by resignation"]

1. e4 e5 2. Nf3 Nf6 3. d4 Nxe4 4. Bd3 d5 5. Nxe5 Nd7 6. Nxd7 Bxd7 7. O-O Bd6 8. c4 c6 9. cxd5 cxd5 10. Nc3 Nxc3 11. bxc3 O-O 12. Bd2 Qh4 13. g3 Qh3 14. Qf3 Rfe8 15. Rfe1 h5 16. Bc2 Rad8 17. Bb3 Bc6 18.
Rxe8+ Rxe8 19. Bxd5 Bxd5 20. Qxd5 Re2 21. Be3 Ba3 22. Qb5 Bb2 23. Rb1 Bxc3 24. Qxe2 1-0

[Event "Early-Titled-Tuesday-Blitz-February-13-2024"]
[Site "Chess.com"]
[Date "2024.02.13"]
[Round "4"]
[White "Truequitos"]
[Black "CMmauricio"]
[Result "0-1"]
[WhiteElo "2599"]
[BlackElo "2842"]
[TimeControl "180+1"]
[EndTime "8:41:41 PST"]
[Termination "CMmauricio won by resignation"]

1. d4 e6 2. Nf3 d5 3. Bf4 f5 4. e3 Nf6 5. c4 c6 6. Bd3 Bd6 7. Ne5 O-O 8. O-O Qe7 9. Qc2 Nbd7 10. a3 Ne4 11. f3 g5 12. fxe4 gxf4 13. exf5 fxe3 14. Ng4 Qh4 15. h3 Nf6 16. Qe2 exf5 17.
Bxf5 Nxg4 18. Qxg4+ Qxg4 19. hxg4 Bg3 20. Nc3 Bf2+ 21.
Kh2 Bxf5 22. gxf5 Rxf5 23. g4 Rg5 24. Nd1 Rf8 25. Nxf2 exf2 26. Rad1 Rxg4 27. Rd3 dxc4 28. Rd2 Rf6 29. Kh3 Rg7 0-1